 Dungeon Sprint DCSS version 0.21.2 (webtiles) character file.

12700000 Fang the Axe Maniac (level 27, -23/323 HPs)
             Began as a Demonspawn Gladiator on Oct 16, 2018.
             Was the Champion of Makhleb.
             Killed from afar by a scourge (46 damage)
             ... with a poison arrow
             ... in the Dungeon (Sprint VIII: "Arena of Blood").
             The game lasted 00:03:42 (127 turns).

Fang the Axe Maniac (Demonspawn Gladiator)           Turns: 127, Time: 00:03:42

Health: -23/323    AC: 10    Str: 29    XL:     27
Magic:  54/54      EV: 41    Int: 10    God:    Makhleb [******]
Gold:   0          SH:  0    Dex: 23    Spells: 80/80 levels left

rFire    + . .     SeeInvis +   l - +∞ Axe of Woe
rCold    . . .     Gourm    .   (shield currently unavailable)
rNeg     . . .     Faith    .   b - +0 leather armour
rPois    .         Spirit   .   (helmet unavailable)
rElec    .         Reflect  .   (no cloak)
rCorr    .         Harm     .   (no gloves)
MR       ++...     NoTele   +   (no boots)
Stlth    ++++++++++             (no amulet)
HPRegen  10.63/turn             (no ring)
MPRegen  0.34/turn              (no ring)

@: mighty, agile, lethally poisoned (-23 -> -23)
A: antennae 3, molten scales 3, powered by death 3, powered by pain 3, robust 3
a: Minor Destruction, Lesser Servant of Makhleb, Major Destruction, Greater
Servant of Makhleb, Renounce Religion


You were in the Dungeon.
You worshipped Makhleb.
Makhleb was exalted by your worship.
You were not hungry.

You visited 1 branch

Inventory:

Hand Weapons
 a - a +0 war axe
 l - the +∞ Axe of Woe (weapon)
   (You found it in the Dungeon)
Missiles
 d - 3 throwing nets (quivered)
Armour
 b - a +0 leather armour (worn)
 c - a +0 helmet
Scrolls
 k - a scroll of blinking
Potions
 e - a potion of curing
 g - a potion of heal wounds
 h - a potion of haste
 i - 2 potions of magic
 j - a potion of berserk rage
Comestibles
 f - a ration


   Skills:
 O Level 27 Fighting
 O Level 27 Axes
 O Level 27 Throwing
 O Level 27 Armour
 O Level 27 Dodging
 O Level 27 Stealth
 O Level 27 Unarmed Combat
 O Level 27 Spellcasting
 O Level 27 Invocations


You had 80 spell levels left.
You didn't know any spells.

Dungeon Overview and Level Annotations

Branches:
Dungeon (1/1)

Altars:
Makhleb


Innate Abilities, Weirdness & Mutations

You have a pair of large antennae on your head. (SInv)
You are completely covered in molten scales. (AC +4, rF+)
You regenerate a lot of health from kills.
You are powered by pain.
You are extremely robust. (+30% HP)


Message History

You are too injured to fight recklessly!
You are too injured to fight recklessly!
You feel very sick.
You hear a shout! x2
The fleshlord appears out of thin air!
A fleshlord comes into view. It is wielding a +9 great mace.
The eight-headed meat hydra calls on the powers of darkness!
The eight-headed meat hydra convulses!
The bag of meat convulses!
The meat berserker convulses!
Your body is wracked with pain!
* * * LOW HITPOINT WARNING * * *
The scourge convulses!
The bag of meat convulses! x3; The observer convulses!
The bag of meat convulses! x2; The eight-headed meat hydra convulses!
The bag of meat convulses! x7; The fleshlord convulses!
The fleshlord shouts!
The bag of meat convulses!
You hear a shout!
The scourge throws poison arrow at you. The poison arrow hits you!
You are more poisoned.
You die...

.#...%.......%%...
........%.....%........
........)))%.D..... ...
...o #)))))..# ....
.#... #)))))).# .....
.....###))))D§.###o....
........))###))S)......
..#....%)))_VS§§§W.D...
#.....).#.).))#@2O..o.#
.......%#_)<)_#§oGo.o..
#.......#....o#....o.#.
..#..%....._oo%..ooD.o.
..........###.....oo..#
.....###... ...###...Wo
..... #... ...#


p.oo. ..... #... ...# ..... ..... .. You could see a meat beast, 4 eight-headed
meat hydras, a destroyer, an observer (invisible), 2 scourges, a fleshlord, 2
wretched souls, a meat berserker (berserk) and 14 bags of meat.

Vanquished Creatures
  3 hell beasts (D)
  Edmund (D)
  4 greater mummies (D)
  8 great orbs of eyes (D)
  6 wraiths (D)
  18 vampire knights (D)
  41 ogres (D)
  8 two-headed ogres (D)
  5 liches (D)
  3 hydras (D)
  70 orcs (D)
  5 phantoms (D)
  5 skeletal warriors (D)
  7 large abominations (D)
  12 small abominations (D)
  13 crawling corpses (D)
209 creatures vanquished.

Vanquished Creatures (others)
  6 crawling corpses (D)
6 creatures vanquished.

Grand Total: 215 creatures vanquished

Notes
Turn   | Place    | Note
-------+----------+-------------------------------------------
     0 | D        | Found the +∞ Axe of Woe
     0 | D        | Fang the Demonspawn Gladiator began the quest for the Orb.
     0 | D        | Reached XP level 1. HP: 16/16 MP: 1/1
     3 | D        | Noticed a meat berserker
     4 | D        | Noticed a bag of meat
     4 | D        | Became a worshipper of Makhleb the Destroyer
     5 | D        | Noticed a meat berserker
     6 | D        | Noticed a bag of meat
     6 | D        | Noticed a meat berserker
     7 | D        | Noticed a meat berserker
     7 | D        | Killed a meat berserker
     7 | D        | Reached skill level 10 in Throwing
     7 | D        | Gained mutation: You regenerate a little health from kills. [demonic ancestry]
     7 | D        | Reached XP level 2. HP: 37/37 MP: 2/2
     7 | D        | Gained mutation: You regenerate health from kills. [demonic ancestry]
     7 | D        | Reached XP level 3. HP: 43/43 MP: 3/3
     7 | D        | Gained mutation: You have a pair of small antennae on your head. [demonic ancestry]
     7 | D        | Reached XP level 4. HP: 50/50 MP: 4/4
     7 | D        | Gained mutation: You are partially covered in molten scales. (AC +2) [demonic ancestry]
     7 | D        | Reached XP level 5. HP: 56/56 MP: 5/5
     7 | D        | Reached XP level 6. HP: 62/62 MP: 6/6
     7 | D        | Gained mutation: You are mostly covered in molten scales. (AC +3) [demonic ancestry]
     7 | D        | Reached XP level 7. HP: 68/68 MP: 7/7
     7 | D        | Reached XP level 8. HP: 75/75 MP: 8/8
     7 | D        | Reached XP level 9. HP: 81/81 MP: 9/9
     7 | D        | Gained mutation: You are completely covered in molten scales. (AC +4, rF+) [demonic ancestry]
     7 | D        | Reached XP level 10. HP: 88/88 MP: 10/10
     7 | D        | Gained mutation: You sometimes gain a little power by taking damage. [demonic ancestry]
     7 | D        | Reached XP level 11. HP: 93/93 MP: 11/11
     7 | D        | Gained mutation: You have a pair of antennae on your head. [demonic ancestry]
     7 | D        | Reached XP level 12. HP: 100/100 MP: 12/12
     7 | D        | Gained mutation: You regenerate a lot of health from kills. [demonic ancestry]
     7 | D        | Reached XP level 13. HP: 106/106 MP: 13/13
     8 | D        | Noticed a bag of meat
     8 | D        | Noticed a bag of meat
     8 | D        | Killed a meat berserker
     8 | D        | Reached * piety under Makhleb
     8 | D        | Gained mutation: You have a pair of large antennae on your head. (SInv) [demonic ancestry]
     8 | D        | Reached XP level 14. HP: 91/118 MP: 14/14
     9 | D        | Noticed a meat berserker
     9 | D        | Killed a meat berserker
     9 | D        | Reached XP level 15. HP: 123/127 MP: 15/15
    10 | D        | Noticed a meat berserker
    10 | D        | Killed a meat berserker
    10 | D        | Killed a meat berserker
    10 | D        | Reached ** piety under Makhleb
    10 | D        | Reached skill level 27 in Axes
    10 | D        | Gained mutation: You are robust. (+10% HP) [demonic ancestry]
    10 | D        | Reached XP level 16. HP: 136/157 MP: 16/16
    11 | D        | Reached skill level 27 in Dodging
    11 | D        | Gained mutation: You are very robust. (+20% HP) [demonic ancestry]
    11 | D        | Reached XP level 17. HP: 167/189 MP: 17/17
    12 | D        | Noticed a meat berserker
    13 | D        | Noticed a meat berserker
    13 | D        | Reached *** piety under Makhleb
    16 | D        | Killed a meat berserker
    16 | D        | Reached skill level 10 in Armour
    16 | D        | Reached XP level 18. HP: 189/217 MP: 18/18
    16 | D        | Killed a meat berserker
    16 | D        | Reached **** piety under Makhleb
    16 | D        | Reached skill level 27 in Fighting
    16 | D        | Reached skill level 27 in Throwing
    18 | D        | Killed a meat berserker
    18 | D        | Reached XP level 19. HP: 226/226 MP: 19/19
    21 | D        | Noticed a meat berserker
    23 | D        | Reached ***** piety under Makhleb
    23 | D        | Reached skill level 27 in Armour
    24 | D        | Noticed a meat berserker
    24 | D        | Noticed a meat berserker
    25 | D        | Noticed a large bag of meat
    25 | D        | Killed a meat berserker
    25 | D        | Reached XP level 20. HP: 236/236 MP: 19/36
    26 | D        | Reached skill level 15 in Stealth
    28 | D        | Noticed a large bag of meat
    28 | D        | Killed a meat berserker
    29 | D        | Killed a meat berserker
    29 | D        | Reached XP level 21. HP: 244/244 MP: 20/44
    29 | D        | Reached ****** piety under Makhleb
    30 | D        | Noticed a large bag of meat
    31 | D        | Reached skill level 27 in Invocations
    33 | D        | Reached XP level 22. HP: 254/254 MP: 21/50
    33 | D        | Reached skill level 27 in Stealth
    34 | D        | Noticed a destroyer
    35 | D        | Noticed a destroyer
    35 | D        | Killed a large bag of meat
    35 | D        | Reached skill level 27 in Unarmed Combat
    35 | D        | Reached skill level 27 in Spellcasting
    36 | D        | Killed a destroyer
    36 | D        | Reached XP level 23. HP: 262/262 MP: 21/54
    37 | D        | Noticed a destroyer
    39 | D        | Killed a large bag of meat
    39 | D        | Killed a large bag of meat
    39 | D        | Noticed a destroyer
    40 | D        | Gained mutation: You are extremely robust. (+30% HP) [demonic ancestry]
    40 | D        | Reached XP level 24. HP: 240/295 MP: 30/54
    41 | D        | Killed a destroyer
    42 | D        | Noticed a destroyer
    43 | D        | Noticed a large bag of meat
    43 | D        | Killed a destroyer
    43 | D        | Gained mutation: You sometimes gain power by taking damage. [demonic ancestry]
    43 | D        | Reached XP level 25. HP: 304/304 MP: 31/54
    44 | D        | Noticed a large bag of meat
    46 | D        | Noticed a destroyer
    47 | D        | Noticed a large bag of meat
    47 | D        | Noticed a destroyer
    47 | D        | Reached XP level 26. HP: 314/314 MP: 32/54
    48 | D        | Noticed an accursed
    48 | D        | Noticed a destroyer
    50 | D        | Killed a destroyer
    50 | D        | Killed a destroyer
    51 | D        | Noticed a destroyer
    51 | D        | Noticed an accursed
    51 | D        | Noticed a tyrant
    52 | D        | Gained mutation: You are powered by pain. [demonic ancestry]
    52 | D        | Reached XP level 27. HP: 147/323 MP: 41/54
    52 | D        | Killed a destroyer
    52 | D        | Killed a large bag of meat
    53 | D        | Noticed a destroyer
    53 | D        | Noticed a tyrant
    54 | D        | Killed a destroyer
    54 | D        | Noticed a destroyer
    54 | D        | Noticed a large bag of meat
    55 | D        | Killed a destroyer
    56 | D        | Killed a destroyer
    57 | D        | Killed a large bag of meat
    58 | D        | Noticed a tyrant
    59 | D        | Noticed a destroyer
    60 | D        | Killed a destroyer
    60 | D        | Killed a large bag of meat
    62 | D        | Noticed a tyrant
    62 | D        | Noticed a dread
    63 | D        | Killed an accursed
    64 | D        | Killed a tyrant
    64 | D        | Killed a large bag of meat
    64 | D        | Killed an accursed
    65 | D        | Noticed a dread
    67 | D        | Killed a tyrant
    67 | D        | Killed a tyrant
    68 | D        | Noticed an accursed
    69 | D        | Killed a destroyer
    71 | D        | Killed a dread
    72 | D        | Noticed a destroyer
    73 | D        | Killed a tyrant
    75 | D        | Killed a destroyer
    76 | D        | Noticed a meat beast
    76 | D        | Noticed a destroyer
    77 | D        | Killed a dread
    78 | D        | Killed a destroyer
    80 | D        | Killed a meat beast
    82 | D        | Noticed a dread
    82 | D        | Noticed a destroyer
    85 | D        | Noticed a meat beast
    85 | D        | Killed a destroyer
    87 | D        | Noticed a meat beast
    87 | D        | Killed an accursed
    88 | D        | Killed a meat beast
    89 | D        | Killed a meat beast
    90 | D        | Killed a destroyer
    92 | D        | Noticed a destroyer
    93 | D        | Noticed an accursed
    94 | D        | Killed a dread
    98 | D        | HP: 13/323 [eight-headed meat hydra (7)]
   101 | D        | Noticed The Defiler
   101 | D        | Noticed a destroyer
   101 | D        | Killed a destroyer
   103 | D        | Killed an accursed
   104 | D        | Noticed a destroyer
   105 | D        | Noticed a tyrant
   106 | D        | Killed a destroyer
   108 | D        | Killed a tyrant
   109 | D        | Noticed a large bag of meat
   110 | D        | Noticed a dread
   110 | D        | Noticed a dread
   111 | D        | Killed The Defiler
   111 | D        | Killed a destroyer
   115 | D        | Noticed a destroyer
   115 | D        | HP: 8/323 [dread/damnation (12)]
   119 | D        | Noticed a dread
   119 | D        | Killed a large bag of meat
   119 | D        | Killed a dread
   122 | D        | Killed a dread
   122 | D        | Killed a dread
   123 | D        | Noticed a meat beast
   127 | D        | Noticed a fleshlord
   127 | D        | Killed from afar by a scourge

Skill      XL: |  1  2  3  4  5  6  7  8  9 10 11 12 13 14 15 16 17 18 19 20 21 22 |
---------------+-------------------------------------------------------------------+-----
Fighting       | 11 13 14 17 21 26 27 | 27.0
Axes           | 19 22 24 27 | 27.0
Throwing       | 10 12 13 16 19 24 27 | 27.0
Dodging        | 18 21 23 26 27 | 27.0
Armour         | 2 4 7 10 21 27 | 27.0
Stealth        | 13 20 26 27 | 27.0
Unarmed Combat | 12 19 24 27 | 27.0
Spellcasting   | 12 19 24 27 | 27.0
Invocations    | 17 25 27 | 27.0

Action                   |  1- 3 |  4- 6 |  7- 9 | 10-12 | 13-15 | 16-18 | 19-21 | 22-24 | 25-27 || total
-------------------------+-------+-------+-------+-------+-------+-------+-------+-------+-------++-------
Melee: Executioner's axe |     1 |       |       |       |     3 |     5 |     9 |     7 |    72 ||    97
Armor: Leather armour    |       |       |       |       |       |       |       |       |     2 ||     2
Dodge: Dodged            |       |       |       |       |       |     3 |     2 |     2 |    17 ||    24
